 Dungeon Crawl Stone Soup version 0.30-a0-726-gd89dcf765f (webtiles) character file.

Game seed: 16759915370704455749

132 Arximoufas the Conjurer (level 4, -2/24 HPs)
             Began as a Deep Elf Conjurer on Jan 29, 2023.
             Slain by Grinder (3 damage)
             ... on level 3 of the Dungeon.
             The game lasted 00:03:19 (2123 turns).

Arximoufas the Conjurer (Deep Elf Conjurer)         Turns: 2123, Time: 00:03:20

Health: -2/24      AC:  2    Str:  4    XL:     4   Next: 92%
Magic:  10/11      EV: 12    Int: 25    God:
Gold:   73         SH:  0    Dex: 13    Spells: 8/9 levels left

rFire   . . .      SeeInvis .    (no weapon)
rCold   . . .      Faith    .    (no shield)
rNeg    + . .      Spirit   .    a - +0 robe
rPois   .          Reflect  .    (no helmet)
rElec   .          Harm     .    (no cloak)
rCorr   .          Rampage  .    (no gloves)
Will    .....                    (no boots)
Stlth   +++                      (no amulet)
HPRegen 0.24/turn                g - ring of positive energy
MPRegen 0.12/turn                (no ring)

@: no status effects
A: no striking features
a: no special abilities


You were on level 3 of the Dungeon.
You visited 1 branch of the dungeon, and saw 3 of its levels.

You collected 73 gold pieces.

Inventory:

Missiles
 k - 4 poisoned darts
Armour
 a - a +0 robe (worn)
Jewellery
 g - a ring of positive energy (left hand)
Scrolls
 c - 3 scrolls of identify {unknown}
 d - 2 scrolls of teleportation {unknown}
 i - a scroll of immolation {unknown}
 l - 2 scrolls of enchant weapon {unknown}
 o - 2 scrolls of fear {unknown}
 q - a scroll of amnesia {unknown}
Potions
 b - 2 potions of magic
 e - a potion of curing
 f - 2 potions of attraction {unknown}
 h - a potion of might {unknown}
 j - a potion of ambrosia {unknown}
 m - 2 potions of haste {unknown}
 n - 2 potions of brilliance {unknown}
 p - a potion of flight {unknown}
 r - 2 potions of heal wounds {unknown}


   Skills:
 - Level 2.4 Dodging
 + Level 4.9 Stealth
 + Level 3.3 Spellcasting
 + Level 5.7 Conjurations


You had 8 spell levels left.
You knew the following spells:

 Your Spells              Type           Power      Damage    Failure   Level
a - Magic Dart            Conj           100%       1d8       1%          1

Your spell library contained the following spells:

 Spells                   Type           Power      Damage    Failure   Level
 Searing Ray              Conj           64%        2d6       1%          2
 Dazzling Flash           Conj/Hex       36%        N/A       9%          3
 Fulminant Prism          Conj/Hex       9%         3d7       30%         4
 Iskenderun's Mystic Bla  Conj/Tloc      18%        2d6       30%         4


Dungeon Overview and Level Annotations

Branches:
Dungeon (3/15)

Altars:
Elyvilon

Annotations:
D:3 Grinder


Message History

Grinder is heavily wounded.
Grinder gestures at you. You resist with significant effort.
Aiming: Magic Dart (safe; 1% risk of failure)
Press: ? - help, Q - select action, (/) - cycle Shift-Dir - straight line, f/p - Grinder
Aim: Grinder (heavily wounded, 100% to hit)
The magic dart hits Grinder but does no damage.
Grinder is heavily wounded.
Grinder hits you.
Aiming: Magic Dart (safe; 1% risk of failure)
Press: ? - help, Q - select action, (/) - cycle Shift-Dir - straight line, f/p - Grinder
Aim: Grinder (heavily wounded, 100% to hit)
The magic dart hits Grinder.
Grinder is heavily wounded.
Grinder barely misses you.
Aiming: Magic Dart (safe; 1% risk of failure)
Press: ? - help, Q - select action, (/) - cycle Shift-Dir - straight line, f/p - Grinder
Aim: Grinder (heavily wounded, 100% to hit)
The magic dart hits Grinder but does no damage.
Grinder is heavily wounded.
Grinder drinks a potion.
Grinder is healed!
You feel better. Grinder closely misses you.
Aiming: Magic Dart (safe; 1% risk of failure)
Press: ? - help, Q - select action, (/) - cycle Shift-Dir - straight line, f/p - Grinder
Aim: Grinder (moderately wounded, 100% to hit)
The magic dart hits Grinder.
Grinder is moderately wounded.
Grinder gestures at you.
You are unaffected.
Magic courses through your body. Grinder hits you!
* * * LOW HITPOINT WARNING * * *
Aiming: Magic Dart (safe; 1% risk of failure)
Press: ? - help, Q - select action, (/) - cycle Shift-Dir - straight line, f/p - Grinder
Aim: Grinder (moderately wounded, 100% to hit)
The magic dart hits Grinder.
Grinder is heavily wounded.
Grinder hits you!
* * * LOW HITPOINT WARNING * * *
You writhe in agony.
You die...

#.# #.# #.# #.# # ##.#
## #.(# ##. #..# ##..
#.## #... #@# #...
###5####### #...
..........###+###...
...................#
........(....<......
.....................
..........†........5r.
.......................
...................o


You could see Grinder.

Vanquished Creatures
  Natasha (thrice) (D:2)
  2 adders (D:2)
  3 ball pythons
  2 endoplasms (D:1)
  4 giant cockroaches
  7 goblins
  3 hobgoblins
  4 bats
  3 frilled lizards
  6 kobolds
  6 rats
43 creatures vanquished.

Notes
Turn   | Place    | Note
-------+----------+-------------------------------------------
     0 | D:1      | Arximoufas the Deep Elf Conjurer began the quest for the
                  | Orb.
     0 | D:1      | Reached XP level 1. HP: 10/10 MP: 6/6
   263 | D:1      | Reached XP level 2. HP: 15/15 MP: 0/8
   976 | D:2      | Found a white marble altar of Elyvilon.
  1144 | D:2      | Reached skill level 5 in Conjurations
  1144 | D:2      | Reached XP level 3. HP: 13/19 MP: 1/9
  1424 | D:2      | Noticed Natasha
  1428 | D:2      | Killed Natasha
  1461 | D:2      | Noticed Natasha
  1465 | D:2      | Killed Natasha
  1466 | D:2      | Reached XP level 4. HP: 16/24 MP: 4/10
  1686 | D:2      | Noticed Natasha
  1689 | D:2      | Killed Natasha
  1965 | D:3      | Noticed Grinder
  2123 | D:3      | HP: 1/24 [Grinder (7)]
  2123 | D:3      | Slain by Grinder

Illustrated notes

Levels and vault maps discovered:
D:1:      ebering_hopf_link, layout_loops_cross, minmay_surrounded
D:2:      layout_loops_ring, basic_altar, minmay_3d_cube, uniq_natasha
D:3:      layout_rooms, grunt_temple_overflow_order_and_chaos_1,
          nicolae_ru_path_of_blood, nicolae_tso_swordbearing_angel,
          serial_shops, shop, shop, minmay_misc_feat_secret_circle,
          chequers_serial_rivers_micro_d, uniq_grinder

Skill      XL: |  1  2  3 |
---------------+----------+-----
Stealth        | 3 4 |  4.9
Conjurations   | 5 |  5.7
Dodging        | |  2.4
Spellcasting   | |  3.3

Action                     |  1- 3 |  4- 6 || total
---------------------------+-------+-------++-------
   Cast: Magic Dart        |    66 |    33 ||    99
    Use: Potion            |       |     2 ||     2
 Armour: Robe              |     3 |     1 ||     4
  Dodge: Dodged            |    10 |     4 ||    14

Table legend: (Time is in decaauts)
 A = Elapsed time spent in this place.
 B = Non-inter-level travel time spent in this place.
 C = Inter-level travel time spent in this place.
 D = Time resting spent in this place.
 E = Time spent auto-exploring this place.
 F = Levels seen in this place.
 G = Mean time per level.
                   A        B        C        D        E       F      G
               +--------+--------+--------+--------+--------+-----+--------+
         Total |   2122 |   2039 |     83 |    175 |   1651 |   3 |  707.3 |
       Dungeon |   2122 |   2039 |     83 |    175 |   1651 |   3 |  707.3 |
               +--------+--------+--------+--------+--------+-----+--------+

Top non-repeatable levels by time:
     D:2: 1102 daAuts
     D:1: 899 daAuts
     D:3: 120 daAuts
